 Dungeon Crawl Stone Soup version 0.31-a0-920-g28cbb04a8c (webtiles) character file.

Game seed: 17497068957853845829

9 Azuregosa the Sneak (level 2, -1/21 HPs)
             Began as an Octopode Delver on Oct 17, 2023.
             Slain by a white imp (3 damage)
             ... on level 6 of the Dungeon.
             The game lasted 00:01:01 (79 turns).

Azuregosa the Sneak (Octopode Delver)                 Turns: 79, Time: 00:01:01

Health: -1/21      AC:  1    Str: 11    XL:     2   Next: 12%
Magic:  2/2        EV: 13    Int: 12    God:
Gold:   0          SH:  0    Dex: 13    Spells: 1/1 levels left

rFire   . . .        a - +0 hand axe
rCold   . . .        (no shield)
rNeg    . . .        (helmet restricted)
rPois   .            (no amulet)
rElec   .            (no ring)
rCorr   .            (no ring)
SInv    .            (no ring)
Will    .....        (no ring)
Stlth   ++++         (no ring)
HPRegen 0.23/turn    (no ring)
MPRegen 0.08/turn    (no ring)
                     (no ring)

%: no passive effects
@: no status effects
A: almost no armour, amphibious, 8 rings, camouflage 1, gelatinous body 1,
(nimble swimmer 1), tentacles
a: no special abilities


You were on level 6 of the Dungeon.
You visited 1 branch of the dungeon, and saw 2 of its levels.

Inventory:

Hand Weapons
 a - a +0 hand axe (weapon)
Wands
 f - a wand of digging (3)
Scrolls
 b - a scroll of fog
 c - a scroll of revelation
 d - a scroll of fear
Potions
 e - a potion of haste


   Skills:
 - Level 3.0 Fighting
 - Level 2.0 Axes
 + Level 2.0 Dodging
 - Level 7.2 Stealth


You had one spell level left.
You didn't know any spells.
Your spell library was empty.

Dungeon Overview and Level Annotations

Branches:
Dungeon (6/15)
 Temple: D:4-7

Altars:


Innate Abilities, Weirdness & Mutations

You cannot wear most types of armour.
You are amphibious.
You can wear up to eight rings at the same time.
Your skin changes colour to match your surroundings (Stealth+).
Your rubbery body absorbs attacks. (AC +1, EV +1)
((You are camouflaged when in or above water. (Stealth+)))
You have tentacles for arms and can constrict up to eight enemies at once.


Message History

The helpless adder fails to defend itself.
You hit the adder. Your grab misses the adder.
The adder is moderately wounded.
The adder barely misses you. The adder completely misses you.
You hit the adder. Your grab misses the adder.
The adder is severely wounded.
The adder barely misses you.
You hit the adder. Your grab misses the adder.
The adder is almost dead.
The adder bites you. The adder closely misses you.
You hit the adder.
You kill the adder!
Your Stealth skill increases to level 7!
You have reached level 2!
Your library has no spells.
Press: ? - help, v - describe, . - travel A granite statue.
There is a stone staircase leading down here.
You climb downwards.
There is a stone staircase leading up here.
There is a stone staircase leading up here.
A white imp comes into view.
The white imp shouts, "Scamper away, thou peaked earth-vexing pustule!"
The white imp gestures at you. The puff of frost hits you!
Ouch! That really hurt!
An iguana comes into view.
The white imp attacks as it pursues you!
The white imp hits you. The white imp freezes you.
* * * LOW HITPOINT WARNING * * *
The white imp gestures at you. The puff of frost misses you.
The white imp gestures at you. The puff of frost misses you.
You hit the white imp. You grab the white imp.
The white imp is lightly wounded.
You constrict the white imp. The white imp hits you.
* * * LOW HITPOINT WARNING * * *
The white imp freezes you.
You die...

#l # #. #. #.
#.###.## #.....#
####### ##...##
#.....#
#.....########.###.#
#....5@.........#
##.##########.#.# #
#. #.#.#.# #.
#.#.#.# #+ #.....#
###<### ## #.#
##.##.# ####...#.#


You could see a white imp.

Vanquished Creatures
  An adder (D:5)
1 creature vanquished.

Notes
Turn   | Place    | Note
-------+----------+-------------------------------------------
     0 | D:5      | Azuregosa the Octopode Delver began the quest for the Orb.
     0 | D:5      | Reached XP level 1. HP: 16/16 MP: 1/1
     1 | D:6      | Noticed a phantom
     1 | D:6      | Noticed a wight
     1 | D:6      | Noticed a wight
     1 | D:6      | Noticed a wight
     1 | D:6      | Noticed a wight
    21 | D:5      | Reached skill level 7 in Stealth
    21 | D:5      | Reached XP level 2. HP: 19/21 MP: 2/2
    79 | D:6      | Slain by a white imp

Illustrated notes

Levels and vault maps discovered:
D:5:      cheibrodos_two_vegetables, layout_loops_ring, lemuel_flamethrower_2,
          uniq_edmund
D:6:      layout_loops_corners

Skill      XL: |  1 |
---------------+----+-----
Stealth        | 7 |  7.2
Fighting       | |  3.0
Axes           | |  2.0
Dodging        | |  2.0

Action                     || total
---------------------------++-------
  Melee: Hand axe          ||     5
         Constrict         ||     1
   Stab: Sleeping          ||     1
 Armour: Skin              ||     4
  Dodge: Dodged            ||     6

Table legend: (Time is in decaauts)
 A = Elapsed time spent in this place.
 B = Non-inter-level travel time spent in this place.
 C = Inter-level travel time spent in this place.
 D = Time resting spent in this place.
 E = Time spent auto-exploring this place.
 F = Levels seen in this place.
 G = Mean time per level.
                   A        B        C        D        E       F      G
               +--------+--------+--------+--------+--------+-----+--------+
         Total |     79 |     79 |      0 |      0 |      0 |   2 |   39.5 |
       Dungeon |     79 |     79 |      0 |      0 |      0 |   2 |   39.5 |
               +--------+--------+--------+--------+--------+-----+--------+

Top non-repeatable levels by time:
     D:6: 51 daAuts
     D:5: 28 daAuts
